 Dungeon Crawl Stone Soup version 0.21-a0-70-g32e1473 (webtiles) character file.

20563 Malacante the Cruncher (level 12, -9/110 HPs)
             Began as a Demonspawn Gladiator on June 18, 2017.
             Blown up by an orb spider (39 damage)
             ... with an orb of destruction
             ... on level 3 of the Lair of Beasts.
             The game lasted 01:00:18 (17980 turns).

Malacante the Cruncher (Demonspawn Gladiator)      Turns: 17980, Time: 01:00:20

Health: -9/110     AC: 11    Str: 20    XL:     12   Next: 46%
Magic:  0/26       EV: 12    Int:  9    God:    Xom [.....*]
Gold:   639        SH:  0    Dex: 21    Spells: 9/11 levels left

rFire    + . .     SeeInvis .   a - +1 quarterstaff
rCold    . . .     Gourm    .   (shield currently unavailable)
rNeg     . . .     Faith    .   m - +0 ring mail
rPois    +         Spirit   +   (helmet restricted)
rElec    .         Reflect  .   L - +2 cloak
rCorr    .         Harm     .   p - +2 pair of gloves
MR       .....                  A - +2 pair of boots
Stlth    +++.......             w - amulet of magic regeneration
HPRegen  0.28/turn              F - ring of magical power
MPRegen  0.45/turn              g - ring of poison resistance

@: no status effects
A: horns 1, thin skeletal structure 2, agile 1, deformed body, fire resistance
1, foul stench 1, robust 1, magic shield, rot immunity, MP-powered wands
a: Renounce Religion


You were on level 3 of the Lair of Beasts.
You worshipped Xom.
You were Xom's teddy bear.
You were very hungry.

You visited 3 branches of the dungeon, and saw 15 of its levels.

You collected 864 gold pieces.
You spent 225 gold pieces at shops.

Inventory:

Hand Weapons
 a - a +1 quarterstaff (weapon)
Missiles
 c - 3 tomahawks of returning
 r - 347 stones (quivered)
 E - 3 throwing nets
 Z - 12 tomahawks
Armour
 m - a +0 ring mail (worn)
 p - a +2 pair of gloves (worn)
 A - a +2 pair of boots (worn)
 I - a +0 plate armour
 L - a +2 cloak (worn)
Jewellery
 g - a ring of poison resistance (right hand)
 j - an uncursed ring of positive energy
 n - an uncursed ring of resist corrosion
 t - an uncursed ring of protection from magic
 w - an amulet of magic regeneration (around neck)
 F - a ring of magical power (left hand)
 N - an uncursed ring of see invisible
 S - an uncursed ring of stealth
 U - an uncursed ring of protection from cold
Wands
 d - a wand of lightning (6/15)
 u - a wand of disintegration (11/24)
 z - a wand of lightning (2/15)
 C - a wand of iceblast (1/15)
 H - a wand of flame (16/48)
 Y - a wand of polymorph (13/24)
Scrolls
 e - 8 scrolls of teleportation
 s - 4 scrolls of recharging
 y - 3 scrolls of remove curse
 B - a scroll of enchant weapon
 M - 4 scrolls of amnesia
 P - 2 scrolls of fog
 W - 3 scrolls of magic mapping
Potions
 b - 4 potions of ambrosia
 h - 2 potions of mutation
 i - 4 potions of heal wounds
 l - a potion of flight
 o - a potion of brilliance
 x - 3 potions of lignification {unknown}
 J - 2 potions of degeneration {unknown}
 R - a potion of curing
 V - 2 potions of agility {unknown}
Books
 q - a book of Minor Magic

   Spells                             Type                      Level
   a - Magic Dart                     Conjuration                  1
   b - Blink                          Translocation                2
   c - Call Imp                       Summoning                    2
   d - Slow                           Hexes                        2
   e - Conjure Flame                  Conjuration/Fire             3
   f - Mephitic Cloud                 Conjuration/Poison/Air       3
 Q - a book of Battle

   Spells                             Type                      Level
   a - Infusion                       Charms                       1
   b - Shroud of Golubria             Charms/Translocation         2
   c - Song of Slaying                Charms                       2
   d - Spectral Weapon                Hexes/Charms                 3
   e - Regeneration                   Charms/Necromancy            3
 T - a book of Air

   Spells                             Type                      Level
   a - Shock                          Conjuration/Air              1
   b - Swiftness                      Charms/Air                   2
   c - Static Discharge               Conjuration/Air              3
   d - Airstrike                      Air                          4
   e - Lightning Bolt                 Conjuration/Air              5
 X - a book of Transfigurations

   Spells                             Type                      Level
   a - Irradiate                      Conjuration/Transmutation    5
   b - Statue Form                    Transmutation/Earth          6
   c - Hydra Form                     Transmutation                6
   d - Dragon Form                    Transmutation                7
Miscellaneous
 v - a lightning rod (4/4)
 K - a box of beasts
Comestibles
 f - 14 bread rations
 k - 3 fruits
 G - 3 meat rations
 O - 2 royal jellies


   Skills:
 + Level 11.2 Fighting
 - Level 14.0 Staves
 - Level 1.7 Throwing
 - Level 2.6 Dodging
 - Level 3.1 Stealth
 * Level 7.7 Evocations


You had 9 spell levels left.
You knew the following spells:

 Your Spells              Type           Power        Failure   Level  Hunger
a - Call Imp              Summ           #.......     71%         2    ###....


Dungeon Overview and Level Annotations

Branches:
Dungeon (11/15)            Temple (1/1) D:5            Lair (3/6) D:10
 Spider (0/4) Lair:2          Orc (0/2) D:9
  Swamp: Lair:2-4    Shoals: Lair:2-4

Altars:
Ashenzari
Cheibriados
Dithmenos
Elyvilon
Fedhas
Gozag
Hepliaklqana
Kikubaaqudgha
Makhleb
Nemelex Xobeh
Okawaru
Qazlal
Ru
Sif Muna
Trog
Uskayaw
Vehumet
Wu Jian
Xom
Yredelemnul
Zin
The Shining One

Shops:
D:5 [


Innate Abilities, Weirdness & Mutations

You have a moderately thin skeletal structure. (Dex +4, Stealth+)
You may emit foul miasma when damaged in melee.
When hurt, damage is shared between your health and your magic reserves.
You are immune to rotting.
You have a pair of small horns on your head.
You are agile. (Dex +2)
Armour fits poorly on your strangely shaped body.
Your flesh is heat resistant. (rF+)
You are robust. (+10% HP)
You expend magic power (3 MP) to strengthen your wands.


Message History

The four-headed hydra looks even sicker.
The four-headed hydra bites you.
The four-headed hydra closely misses you.
The four-headed hydra bites you!
The four-headed hydra bites you but does no damage.
An orb of destruction comes into view.
You hit the four-headed hydra but do no damage.
You headbutt the four-headed hydra, but do no damage.
The four-headed hydra is almost dead.
The yak closely misses you.
Unknown command.
The four-headed hydra is engulfed in dark miasma.
The four-headed hydra looks even sicker.
The four-headed hydra bites you. The four-headed hydra misses you.
The four-headed hydra bites you!
* * * LOW HITPOINT WARNING * * *
The four-headed hydra bites you but does no damage.
The yak closely misses you. The orb of destruction hits you!
You die...
Xom chuckles heartily!

### ### #.# # ########## ####
#.####.####.#######......#.###..#
.........................s.......
#.P........####P......##.*#......
.##.....########......#...#......
........##.....#...s..##..##.....
.PP......#......D.§.......#.s....
.##.....##......@§....##..#......
.##......#....##.Y....##..##.....
..#.....#.............#.###......
.#......#......#........###.._...
.#............#..................
###......P..#.##.................
.................................
.................................
.................................


You could see a four-headed hydra, an orb spider and a yak.

Vanquished Creatures
  A hydra (Lair:3)
  Harold (Lair:2)
  3 two-headed ogres
  The ghost of runewalsh the Frost Mage, a novice OpIE of Gozag (D:9)
  The ghost of Malacante the Cruncher, a novice DsGl of Uskayaw (D:8)
  The ghost of Shimatora the Cleaver, a novice DDFi of Makhleb (D:10)
  Pikel (D:6)
  2 black mambas
  2 spiny frogs
  2 rime drakes (Lair:2)
  2 komodo dragons
  3 hippogriffs
  Prince Ribbit (D:8)
  10 blink frogs
  A wyvern (D:8)
  Sigmund (D:3)
  13 yaks
  3 basilisks
  A redback (Lair:2)
  The ghost of Oki the Poker, an amateur OpMo of Okawaru (D:4)
  A spatial vortex (Lair:1)
  Duvessa (D:6)
  7 water moccasins
  4 porcupines
  4 sky beasts
  2 orc warriors
  4 ice beasts
  4 slaves (D:6)
  2 necrophages (D:10)
  6 ogres
  2 centaurs (D:8)
  4 crocodiles
  2 phantoms
  2 wolves (Lair:3)
  A big kobold (D:10)
  10 bullfrogs
  A wyvern zombie (D:10)
  Dowan (D:6)
  5 scorpions
  A killer bee (D:8)
  5 crimson imps
  4 howler monkeys
  2 jellies
  4 orc priests
  3 bullfrog skeletons
  5 hounds
  11 iguanas
  7 orc wizards
  11 worker ants
  A hound skeleton (D:8)
  Robin (D:3)
  15 adders
  3 shadow imps
  An ooze (D:3)
  2 adder skeletons
  A worm (D:6)
  5 dart slugs
  5 leopard geckos
  36 orcs
  A ball python (D:4)
  6 giant cockroaches
  23 goblins
  7 hobgoblins
  5 jackals
  7 kobolds
  7 quokkas
  13 bats
  7 frilled lizards
  6 rats
319 creatures vanquished.

Vanquished Creatures (collateral kills)
  The ghost of Bastard the Cruncher, a journeyman GrGl of Okawaru (Lair:3)
  7 yaks
  Menkaure (D:4)
  A black bear (Lair:3)
  An orc wizard (D:6)
  A bullfrog skeleton (D:4)
  2 orcs
  A jackal (D:6)
  A kobold (D:10)
16 creatures vanquished.

Vanquished Creatures (others)
  A yak (Lair:3)
  3 wolves (Lair:3)
  9 fungi
  2 plants (Lair:2)
15 creatures vanquished.

Grand Total: 350 creatures vanquished

Notes
Turn   | Place    | Note
-------+----------+-------------------------------------------
     0 | D:1      | Malacante the Demonspawn Gladiator began the quest for the Orb.
     0 | D:1      | Reached XP level 1. HP: 16/16 MP: 1/1
   255 | D:1      | Reached skill level 3 in Staves
   284 | D:1      | Gained mutation: You have a somewhat thin skeletal structure. (Dex +2, Stealth) [demonic ancestry]
   284 | D:1      | Reached XP level 2. HP: 11/22 MP: 2/2
  1208 | D:1      | Reached XP level 3. HP: 27/27 MP: 3/3
  1308 | D:2      | Reached skill level 4 in Staves
  1849 | D:2      | Found a faded altar of an unknown god.
  1885 | D:2      | Gained mutation: You have a moderately thin skeletal structure. (Dex +4, Stealth+) [demonic ancestry]
  1885 | D:2      | Reached XP level 4. HP: 33/33 MP: 4/4
  1990 | D:2      | Became a worshipper of Xom of Chaos
  2613 | D:3      | Noticed Robin
  2620 | D:3      | XOM: harmless Erth miscast
  2635 | D:3      | XOM: 1-stop teleportation journey
  2636 | D:3      | Noticed Sigmund
  2638 | D:3      | XOM: divination: magic mapping
  2642 | D:3      | Killed Sigmund
  2642 | D:3      | Reached skill level 6 in Staves
  2642 | D:3      | Gained mutation: You are immune to rotting. [demonic ancestry]
  2642 | D:3      | Reached XP level 5. HP: 20/38 MP: 5/5
  2843 | D:2      | Found a snail-covered altar of Cheibriados.
  3038 | D:3      | Reached XP level 6. HP: 27/44 MP: 6/6
  3338 | D:3      | XOM: mild Tmut miscast
  3416 | D:3      | XOM: confusion (+ monsters)
  3453 | D:3      | XOM: cleaving
  3672 | D:3      | Killed Robin
  3923 | D:4      | Noticed Oki's ghost (amateur OpMo)
  3923 | D:4      | XOM: confuse monster(s)
  3931 | D:4      | XOM: scenery: create altars
  3936 | D:4      | XOM: confuse monster(s)
  3945 | D:4      | Killed Oki's ghost
  3945 | D:4      | Reached skill level 7 in Staves
  4041 | D:4      | Noticed Menkaure
  4042 | D:4      | XOM: cast spell 'Summon Horrible Things'
  4045 | D:4      | Killed Menkaure
  4045 | D:4      | Gained mutation: When hurt, damage is shared between your health and your magic reserves. [demonic ancestry]
  4045 | D:4      | Reached XP level 7. HP: 30/50 MP: 7/7
  4076 | D:4      | XOM: 1-stop teleportation journey
  4231 | D:4      | Got a smoking hand axe
  4232 | D:4      | Identified the +1 hand axe "Fiobyrgh" {freeze, *Noise +Rage rN++ Int+4} (You found it on level 4 of the Dungeon)
  4470 | D:4      | Found a shimmering altar of Xom.
  4648 | D:4      | XOM: summons 7 friendly demons
  4688 | D:4      | XOM: give mutations
  4688 | D:4      | Gained mutation: You are robust. (+10% HP) [Xom's grace]
  4688 | D:4      | Gained mutation: Your spells are a little harder to cast, but a little more powerful. [Xom's grace]
  4722 | D:4      | XOM: give mutation
  4722 | D:4      | Gained mutation: You are agile. (Dex +2) [Xom's grace]
  4778 | D:4      | XOM: fog
  4783 | D:4      | Reached skill level 8 in Staves
  4997 | D:5      | Entered Level 5 of the Dungeon
  5006 | D:5      | XOM: potion effect (invisibility)
  5022 | D:5      | XOM: harmless Fire miscast
  5131 | D:5      | XOM: silly message
  5215 | D:5      | XOM: potion effect (agility)
  5468 | D:5      | Learned a level 2 spell: Call Imp
  5471 | D:5      | Found Gicuh's Antique Armour Emporium.
  5544 | D:5      | XOM: harmless Fire miscast
  5548 | D:5      | Reached XP level 8. HP: 52/61 MP: 6/8
  5592 | D:5      | Reached skill level 9 in Staves
  5873 | D:5      | Found a staircase to the Ecumenical Temple.
  6239 | Temple   | Entered the Ecumenical Temple
  6446 | D:6      | Noticed Duvessa
  6450 | D:6      | XOM: enchant monster (good)
  6452 | D:6      | Noticed Dowan
  6467 | D:6      | XOM: confuse monster(s)
  6468 | D:6      | Killed Duvessa
  6472 | D:6      | XOM: summons friendly white imp
  6476 | D:6      | Found a shadowy altar of Dithmenos.
  6648 | D:6      | Reached skill level 10 in Staves
  6696 | D:6      | Killed Dowan
  6752 | D:6      | XOM: medium Erth miscast
  6873 | D:5      | XOM: stat loss: -1 Dex (19/20)
  7060 | D:5      | XOM: mild Necr miscast
  7122 | D:6      | Noticed Pikel
  7125 | D:6      | XOM: stat loss: -1 Int (8/9)
  7132 | D:6      | XOM: scenery: create altars
  7134 | D:6      | XOM: divination: detect creatures
  7198 | D:6      | XOM: medium Erth miscast
  7259 | D:5      | XOM: 3-stop teleportation journey
  7377 | D:5      | XOM: medium Erth miscast
  7528 | D:6      | Killed Pikel
  7528 | D:6      | Reached skill level 11 in Staves
  7528 | D:6      | Gained mutation: You may emit foul miasma when damaged in melee. [demonic ancestry]
  7528 | D:6      | Reached XP level 9. HP: 49/67 MP: 7/9
  7564 | D:6      | XOM: give mutations
  7564 | D:6      | Gained mutation: You are resistant to hostile enchantments. (MR+) [Xom's grace]
  7564 | D:6      | Gained mutation: You have a pair of small horns on your head. [Xom's grace]
  7699 | D:6      | XOM: scenery: create altars
  7745 | D:6      | Found a snail-covered altar of Cheibriados.
  7749 | D:6      | Got a translucent ring mail
  7760 | D:6      | Identified the cursed +0 ring mail "Bagidavu" {*Slow Int+5} (You found it on level 6 of the Dungeon)
  7802 | D:6      | Found a deep blue altar of Sif Muna.
  7803 | D:6      | Found an opulent altar of Gozag.
  7803 | D:6      | Found a glowing golden altar of the Shining One.
  7803 | D:6      | Found an iron altar of Okawaru.
  7807 | D:6      | Found a burning altar of Makhleb.
  7808 | D:6      | Found a sparkling altar of Nemelex Xobeh.
  7822 | D:6      | XOM: confuse monster(s)
  8791 | D:8      | XOM: noise
  8792 | D:8      | Noticed Prince Ribbit
  8801 | D:8      | Killed Prince Ribbit
  8801 | D:8      | Reached skill level 12 in Staves
  8841 | D:8      | XOM: summons 2 friendly demons
  8901 | D:8      | Noticed Malacante's ghost (novice DsGl)
  8904 | D:8      | XOM: divination: detect creatures
  8940 | D:8      | XOM: potion effect (might)
  8952 | D:8      | XOM: silly message
  8957 | D:8      | Killed Malacante's ghost
  9109 | D:8      | XOM: harmless Erth miscast
  9182 | D:8      | XOM: harmless Erth miscast
  9274 | D:8      | XOM: silly message
  9381 | D:8      | Reached skill level 13 in Staves
  9444 | D:8      | Noticed a two-headed ogre
  9456 | D:8      | Killed a two-headed ogre
  9456 | D:8      | Reached XP level 10. HP: 20/73 MP: 4/10
  9633 | D:8      | XOM: harmless Hex miscast
 10137 | D:8      | XOM: cloud trail
 10190 | D:8      | XOM: god gift: 16 gold pieces
 10661 | D:5      | XOM: silly message
 10670 | D:5      | Bought a runed cloak for 225 gold pieces
 10778 | D:9      | Noticed runewalsh's ghost (novice OpIE)
 10813 | D:9      | Killed runewalsh's ghost
 10813 | D:9      | Reached skill level 14 in Staves
 10889 | D:9      | XOM: harmless Conj miscast
 10912 | D:9      | Reached skill level 1 in Stealth
 10957 | D:9      | Found a staircase to the Orcish Mines.
 10962 | D:9      | Reached skill level 1 in Evocations
 10977 | D:9      | Noticed a two-headed ogre
 10977 | D:9      | XOM: divination: magic mapping
 11447 | D:9      | XOM: divination: magic mapping
 11449 | D:9      | XOM: divination: detect creatures
 11451 | D:9      | XOM: confusion (+ monsters)
 11831 | D:9      | Noticed a two-headed ogre
 11838 | D:9      | Killed a two-headed ogre
 11863 | D:9      | Found a basalt altar of Yredelemnul.
 11883 | D:9      | XOM: blink monster(s)
 11887 | D:9      | Killed a two-headed ogre
 11887 | D:9      | Reached XP level 11. HP: 85/85 MP: 13/13
 11936 | D:10     | XOM: noise
 11936 | D:10     | Entered Level 10 of the Dungeon
 11989 | D:10     | Noticed Shimatora's ghost (novice DDFi)
 12010 | D:10     | Killed Shimatora's ghost
 12010 | D:10     | Reached skill level 5 in Fighting
 12181 | D:10     | XOM: cast spell 'Monstrous Menagerie'
 12284 | D:10     | XOM: god gift: scroll of recharging
 12565 | D:10     | Found a staircase to the Lair.
 12597 | D:10     | XOM: cleaving
 12733 | D:10     | XOM: blink monster(s)
 12776 | D:10     | Reached skill level 5 in Evocations
 12864 | Lair:1   | Entered Level 1 of the Lair of Beasts
 13082 | Lair:1   | XOM is BORED!
 13082 | Lair:1   | XOM: harmless Tmut miscast
 13129 | Lair:1   | XOM: potion effect (invisibility)
 13134 | Lair:1   | XOM: potion effect (berserk rage)
 13135 | Lair:1   | XOM: noise
 13397 | Lair:1   | XOM: mild Summ miscast
 13872 | Lair:1   | XOM: give mutation
 13872 | Lair:1   | Gained mutation: Your flesh is heat resistant. (rF+) [Xom's mischief]
 13944 | Lair:2   | XOM: give mutations
 13944 | Lair:2   | Lost mutation: You are resistant to hostile enchantments. (MR+) [Xom's mischief]
 13944 | Lair:2   | Gained mutation: Armour fits poorly on your strangely shaped body. [Xom's mischief]
 13944 | Lair:2   | Gained mutation: You expend magic power (3 MP) to strengthen your wands. [Xom's mischief]
 13944 | Lair:2   | Lost mutation: Your spells are a little harder to cast, but a little more powerful. [Xom's mischief]
 13998 | Lair:2   | XOM: 1-stop teleportation journey
 14237 | Lair:2   | XOM: mild Necr miscast
 14261 | Lair:2   | XOM: fog
 14262 | Lair:2   | XOM: noise
 14274 | Lair:1   | XOM: harmless Hex miscast
 14639 | Lair:2   | XOM: cast spell 'Shadow Creatures'
 14681 | Lair:2   | Noticed Harold
 14685 | Lair:2   | XOM: destruction
 14687 | Lair:2   | XOM: enchant monster (good)
 14694 | Lair:2   | XOM: smoke on damage
 14695 | Lair:2   | XOM: enchant monster (bad)
 14709 | Lair:2   | Killed Harold
 14976 | Lair:2   | Found a hole to the Spider Nest.
 14996 | Lair:2   | Reached XP level 12. HP: 47/104 MP: 11/17
 15315 | Lair:2   | XOM: mild Summ miscast
 15333 | Lair:2   | XOM: cast spell 'Death Channel'
 16282 | Lair:3   | Noticed a six-headed hydra
 16294 | Lair:3   | Killed a six-headed hydra
 16294 | Lair:3   | Reached skill level 10 in Fighting
 16518 | Lair:3   | XOM: enchant monster (bad)
 16586 | Lair:3   | XOM: summons 3 hostile demons
 16640 | Lair:3   | XOM: cloud trail
 16659 | Lair:3   | XOM is BORED!
 16659 | Lair:3   | XOM: silly message
 16891 | Lair:3   | XOM: potion effect (curing)
 16920 | Lair:3   | XOM: summons 8 friendly demons
 16966 | Lair:3   | XOM: 4-stop teleportation journey
 17056 | Lair:3   | XOM: divine lightning
 17156 | Lair:3   | XOM: divination: magic mapping
 17280 | Lair:3   | XOM: fog
 17307 | Lair:3   | XOM: scenery: create altars
 17357 | Lair:3   | XOM: polymorph yak -> orb spider
 17382 | Lair:3   | Noticed Bastard's ghost (journeyman GrGl)
 17383 | Lair:3   | XOM: scenery: create altars
 17390 | Lair:3   | XOM: summons friendly quasit
 17468 | Lair:2   | XOM: god gift: scroll labeled YROSHI DEOGGORPH {god gift}
 17610 | Lair:2   | Noticed a four-headed hydra
 17614 | Lair:2   | XOM: enchant monster (good)
 17633 | Lair:3   | Killed Bastard's ghost
 17642 | Lair:3   | XOM: 1-stop teleportation journey
 17796 | Lair:2   | XOM: harmless Summ miscast
 17980 | Lair:3   | Blown up by an orb spider

Vault maps used:
D:1:      dpeg_arrival_tiny_a
D:2:      lemuel_upstairs_altar, chequers_ecumenical_altar_twisty, first_bread,
          roderic_lattice_a
D:3:      uniq_sigmund, uniq_robin
D:4:      lemuel_statue_altar, uniq_menkaure
D:5:      temple_pool_b, serial_shops, shop
D:6:      minitemple, uniq_pikel, uniq_duvessa
D:7:      grunt_ogre_cave
D:8:      minmay_tri_box, grunt_decor_cap, uniq_prince_ribbit1
D:9:      orc_0_dummy, minmay_misc_feat_tower, david_defended_altar_elf
D:10:     lair_entry_dummy, kennysheep_generic_room_4
D:11:     basic_altar, hangedman_decor_lopped
Temple:   jpeg_temple_clearing
Lair:1:   lemuel_fruit_fields
Lair:2:   spider_nest_entry_webs, beast_lair_carwin_1, uniq_harold
Lair:3:   beast_lair_carwin_large_1, grunt_megastairs_5

Skill      XL: |  1  2  3  4  5  6  7  8  9 10 11 12 |
---------------+-------------------------------------+-----
Staves         | 3 4 6 7 8 11 13 14 | 14.0
Stealth        | 3 |  3.1
Evocations     | 3 6 7 |  7.7
Fighting       | 4 9 11 | 11.2
Throwing       | |  1.7
Dodging        | |  2.6

Action                   |  1- 3 |  4- 6 |  7- 9 | 10-12 || total
-------------------------+-------+-------+-------+-------++-------
Melee: Quarterstaff      |   110 |   191 |   432 |   639 ||  1372
       Headbutt          |       |       |    30 |   187 ||   217
Throw: Stone             |       |       |    15 |    53 ||    68
       Throwing net      |       |       |     5 |       ||     5
Evoke: Wand              |       |       |     3 |    21 ||    24
       Lightning rod     |       |       |       |     4 ||     4
  Use: Potion            |       |     2 |     1 |       ||     3
       Scroll            |       |     9 |     9 |    13 ||    31
 Stab: Sleeping          |     3 |     2 |     5 |     8 ||    18
       Confused          |       |     3 |     4 |       ||     7
       Distracted        |       |     1 |     3 |     3 ||     7
       Held in net/web   |       |       |     1 |     1 ||     2
       Invisible         |       |       |       |     9 ||     9
  Eat: Chunk             |     3 |     7 |    17 |    22 ||    49
       Royal jelly       |       |       |       |     2 ||     2
Armor: Leather armour    |    21 |       |       |       ||    21
       Ring mail         |    24 |    75 |   137 |   148 ||   384
       Skin              |       |       |     1 |       ||     1
Dodge: Dodged            |    93 |   108 |   195 |   242 ||   638
